 Dungeon Crawl Stone Soup version 0.29-a0-1009-g60c99734e7 (webtiles) character file.

Game seed: 17469815571311979006

294 RepoMan the Trooper (level 6, -2/67 HPs)
             Began as an Ogre Hunter on Aug 8, 2022.
             Killed from afar by an acid dragon (35 damage)
             ... with a splash of acid
             ... on level 5 of the Dungeon.
             The game lasted 00:14:50 (2850 turns).

RepoMan the Trooper (Ogre Hunter)                   Turns: 2850, Time: 00:14:51

Health: -2/67      AC: -1    Str: 24    XL:     6   Next: 33%
Magic:  6/6        EV: 10    Int: 10    God:
Gold:   259        SH:  0    Dex: 12    Spells: 5/5 levels left

rFire   + . .      SeeInvis .   x - +1 short sword (elec)
rCold   . . .      Faith    .   (no shield)
rNeg    . . .      Spirit   .   c - +0 robe
rPois   .          Reflect  .   (helmet restricted)
rElec   .          Harm     .   (no cloak)
rCorr   .          Rampage  .   (gloves unavailable)
Will    .....                   (boots unavailable)
Stlth   +.........              d - amulet of regeneration
HPRegen 1.01/turn               e - +6 ring of strength
MPRegen 0.10/turn               t - ring of protection from fire

@: corroded
A: large, unfitting armour, tough skin 1
a: no special abilities


You were on level 5 of the Dungeon.
You visited 1 branch of the dungeon, and saw 5 of its levels.

You collected 259 gold pieces.

Inventory:

Hand Weapons
 b - a +0 shortbow
 j - a +0 club
 l - a +0 battleaxe
 x - a +1 short sword of electrocution (weapon)
 B - a +2 trident of venom
Missiles
 f - 21 stones
 m - 2 javelins
 p - an atropa-tipped dart
 y - 3 poisoned darts
Armour
 c - a +0 robe (worn)
Magical Staves
 v - a staff of air
Jewellery
 d - an amulet of regeneration (around neck)
 e - a +6 ring of strength (left hand)
 t - a ring of protection from fire (right hand)
 z - the ring of Lotaopt {rElec MP+9 Int+5 Stlth-}
   (You found it on level 4 of the Dungeon)

   [ring of magical power]

   Int:       It affects your intelligence (+5).
   rElec:     It insulates you from electricity.
   MP:        It affects your magic capacity (+9).
   Stlth:     It makes you less stealthy.
Scrolls
 a - a scroll of immolation
 g - 2 scrolls of identify {unknown}
 i - a scroll of enchant weapon {unknown}
 n - a scroll of summoning {unknown}
 o - a scroll of teleportation {unknown}
 q - a scroll of amnesia {unknown}
 s - a scroll of fog {unknown}
 C - 2 scrolls of magic mapping {unknown}
Potions
 h - a potion of berserk rage {unknown}
 k - a potion of curing
 r - a potion of cancellation {unknown}
 u - a potion of heal wounds {unknown}
 w - a potion of lignification {unknown}
 A - a potion of brilliance {unknown}


   Skills:
 + Level 6.2 Fighting
 + Level 2.4 Maces & Flails
 - Level 2.9 Ranged Weapons
 + Level 3.0 Throwing
 - Level 1.7 Dodging
 - Level 0.6 Stealth


You had 5 spell levels left.
You didn't know any spells.
Your spell library contained the following spells:

 Spells                   Type           Power      Damage    Failure   Level
 Freeze                   Ice            0%         1d3       36%         1
 Frozen Ramparts          Ice            0%         1d1       75%         3
 Hailstorm                Conj/Ice       0%         3d3       98%         4


Dungeon Overview and Level Annotations

Branches:
Dungeon (5/15)
 Temple: D:4-7

Altars:

Shops:
D:2 *

Annotations:
D:4 1 runed translucent door, 2tc's ghost, amateur HOFE


Innate Abilities, Weirdness & Mutations

You are too large for most types of armour.
You have tough skin. (AC +1)


Message History

Aim: an adder (blind, 44% to hit)
You shoot an arrow.
The arrow closely misses the acid dragon.
The arrow hits the adder but does no damage.
The adder is no longer blind.
The acid dragon bites you. The acid dragon barely misses you.
The acid dragon spits acid at you. The splash of acid misses you.
Fire: b) +0 shortbow
Press: ? - help, Q - select action, (/) - cycle Shift-Dir - straight line, f/p - adder
Aim: an adder (44% to hit)
You shoot an arrow.
The arrow hits the acid dragon but does no damage.
The acid dragon is lightly wounded.
The acid dragon bites you. The acid dragon claws you.
Okay, then.
Unknown command.
Throw: 2 darts (atropa)
Press: ? - help, Shift-Dir - straight line, f/p - adder
Aim: an adder (44% to hit, chance to blind on hit: 100%)
You throw an atropa-tipped dart.
The atropa-tipped dart completely misses the acid dragon.
The atropa-tipped dart closely misses the adder.
The acid dragon bites you!
* * * LOW HITPOINT WARNING * * *
The acid dragon claws you.
* * * LOW HITPOINT WARNING * * *
You feel better. The acid dragon closely misses you.
The acid dragon barely misses you.
You hear the crackle of electricity.
x - a +1 short sword of electrocution (weapon)
Press: ? - help, v - describe, . - travel
Here: an acid dragon (lightly wounded)
The floor, spattered with blood.
Unknown command.
You feel better. The acid dragon spits acid at you.
The splash of acid hits you!!
Ouch! That really hurt!
You die...

####.## #.#
..... .)# #...#
#.# # #...#
#.#.# #...#
#.#. #...# #..
##...# #.#.#
#.#
#....####$#.#
#.#
#.....@DS(..#
#.#
###.....###.###
#.#
#...........#
#.#
#.#.......###
#.# #.#.......#
#.#### #
###.##..#######
#.....
#...........#
#.####
####.....)#.#
#.# #.###.#..#
#.#


You could see an acid dragon (catching breath) and an adder.

Vanquished Creatures
  A howler monkey (D:5)
  A hound (D:5)
  3 orc wizards
  4 adders
  3 worms
  4 dart slugs
  5 orcs
  6 ball pythons
  9 endoplasms
  A giant cockroach (D:3)
  9 hobgoblins
  10 jackals
  6 kobolds
  4 quokkas
  9 bats
  2 frilled lizards
  5 goblins
  5 rats
87 creatures vanquished.

Notes
Turn   | Place    | Note
-------+----------+-------------------------------------------
     0 | D:1      | RepoMan the Ogre Hunter began the quest for the Orb.
     0 | D:1      | Reached XP level 1. HP: 22/22 MP: 1/1
    45 | D:1      | Reached skill level 3 in Fighting
    86 | D:1      | Reached XP level 2. HP: 30/31 MP: 2/2
   165 | D:1      | Reached skill level 4 in Fighting
   373 | D:1      | Reached XP level 3. HP: 40/40 MP: 3/3
   911 | D:2      | Reached skill level 5 in Fighting
   977 | D:2      | Found Zauziz's Assorted Antiques.
  1135 | D:2      | Reached skill level 1 in Throwing
  1150 | D:2      | Reached XP level 4. HP: 50/50 MP: 4/4
  1589 | D:3      | Reached skill level 1 in Maces & Flails
  1683 | D:3      | Reached XP level 5. HP: 48/57 MP: 5/5
  2253 | D:4      | Noticed 2tc's ghost (amateur HOFE)
  2272 | D:4      | Found a runed translucent door.
  2471 | D:4      | Identified the ring of Lotaopt {rElec MP+9 Int+5 Stlth-}
  2497 | D:4      | Reached skill level 6 in Fighting
  2591 | D:5      | Entered Level 5 of the Dungeon
  2651 | D:5      | Reached XP level 6. HP: 62/67 MP: 6/6
  2836 | D:5      | Noticed an acid dragon
  2850 | D:5      | Killed from afar by an acid dragon

Illustrated notes

Levels and vault maps discovered:
D:1:      dpeg_arrival_rooms_a, layout_basic
D:2:      minmay_door_path, layout_basic, serial_shops,
          nicolae_shop_behind_doors
D:3:      kennysheep_six_static_rooms, layout_basic, hex_medium
D:4:      layout_rooms, hellmonk_ghost_happy_afterlife
D:5:      layout_loops_ring, marbit_many_paths

Skill      XL: |  1  2  3  4  5  6 |
---------------+-------------------+-----
Fighting       | 3 4 5 6 |  6.2
Throwing       | 1 2 3 |  3.0
Maces & Flails | 1 2 |  2.4
Ranged Weapons | |  2.9
Dodging        | |  1.7
Stealth        | |  0.6

Action                   |  1- 3 |  4- 6 || total
-------------------------+-------+-------++-------
Melee: Battleaxe         |       |     4 ||     4
 Fire: Shortbow          |   110 |   177 ||   287
Throw: Dart              |       |     5 ||     5
  Use: Potion            |       |     4 ||     4
Armor: Robe              |    15 |    25 ||    40
Dodge: Dodged            |    30 |    43 ||    73

Table legend: (Time is in decaauts)
 A = Elapsed time spent in this place.
 B = Non-inter-level travel time spent in this place.
 C = Inter-level travel time spent in this place.
 D = Time resting spent in this place.
 E = Time spent auto-exploring this place.
 F = Levels seen in this place.
 G = Mean time per level.
                   A        B        C        D        E       F      G
               +--------+--------+--------+--------+--------+-----+--------+
         Total |   2951 |   2886 |     65 |     61 |   1982 |   5 |  590.2 |
       Dungeon |   2951 |   2886 |     65 |     61 |   1982 |   5 |  590.2 |
               +--------+--------+--------+--------+--------+-----+--------+

Top non-repeatable levels by time:
     D:3: 752 daAuts
     D:1: 746 daAuts
     D:2: 744 daAuts
     D:4: 443 daAuts
     D:5: 265 daAuts
